[Event "13th Palmanova Festival A 2024"]
[Site "Palmanova"]
[Date "2024.12.27"]
[Round "1.1"]
[White "Martinovici, Ilia"]
[Black "Shefer, Uri"]
[Result "1-0"]
[ECO "E04"]
[WhiteElo "2473"]
[BlackElo "2210"]
[Annotator "TA"]
[PlyCount "81"]
[EventDate "2024.12.27"]
[EventCountry "ITA"]
[SourceTitle "playchess.com"]
[Source "ChessBase"]
[SourceQuality "1"]
[TimeControl "6000+30"]

1. d4 Nf6 2. c4 e6 3. g3 d5 4. Nf3 dxc4 5. Bg2 Bd7 6. Ne5 Bc6 7. Nxc6 Nxc6 8. O-O Qd7 ({Much weaker is} 8... Nxd4 9. Bxb7 Rb8 10. Bg2 $16) 9. e3 Rd8 10. Qe2 e5 {[%emt 0:02:31] The position is equal.} 11. Nc3 Be7 12. dxe5 Nxe5 13. Bxb7 c6 14. Ba6 Qd3 (14... Qe6 $11) 15. f4 $1 $14 Qxe2 16. Nxe2 Nd3 17. Nd4 Bc5 18. Bxc4 Bxd4 19. exd4 Rxd4 20. b3 $36 {[%emt 0:03:00][%mdl 2048] White has good play.} Nxc1 21. Raxc1 O-O 22. Ba6 Rd2 23. Rf2 ({Resist} 23. Rxc6 Rxa2 24. Re1 Nd5 $11) 23... Rfd8 24. Rxc6 {[%emt 0:01:36] [#] Black must now prevent Rxd2.} Rxf2 25. Kxf2 $16 {[%emt 0:00:02][%mdl 4096] Endgame. Rc7 is the strong threat. KRB-KRN} Ng4+ (25... Kf8 $16 {was necessary.} 26. Kf3 h5) 26. Ke2 $18 Re8+ 27. Kd3 {[%emt 0:02:40] Strongly threatening Rc7.} Rd8+ (27... Kf8 $16 28. Rc2 h6) 28. Kc3 Nxh2 (28... Nf6 $142 29. Bc4 h5) 29. Rc7 Nf3 30. Rxa7 g6 (30... g5 {might work better.} 31. Bc4 Nd2 32. Bxf7+ (32. Rxf7 Nxc4 33. Rf5 Nd6 $11) 32... Kh8 33. fxg5 Ne4+ 34. Kc2 Nxg5) 31. Bc4 Nd2 32. Bd3 Nf3 33. a4 g5 34. fxg5 Ne5 35. Be4 Rd1 36. a5 Nd7 37. b4 Nf8 38. b5 Ne6 39. b6 Nc5 40. b7 Rc1+ 41. Kb2 {[%emt 0:00:18] Weighted Error Value: White=0.04 (flawless) /Black=0.31.  Mistake:       	---       	Black=5      Inaccurate:     	White=1     	Black=2      OK:         	White=18    	Black=7      Best:        	White=1     	Black=3      Strong:       	White=1     	---} 1-0

[Event "13th Palmanova Festival A 2024"]
[Site "Palmanova"]
[Date "2024.12.27"]
[Round "1.2"]
[White "Candian, Lorenzo"]
[Black "Stankovic, Milos"]
[Result "1/2-1/2"]
[ECO "C48"]
[WhiteElo "2208"]
[BlackElo "2462"]
[Annotator "TA"]
[PlyCount "21"]
[EventDate "2024.12.27"]
[EventCountry "ITA"]
[SourceTitle "playchess.com"]
[Source "ChessBase"]
[SourceQuality "1"]
[TimeControl "6000+30"]

1. e4 e5 2. Nf3 Nc6 3. Nc3 Nf6 4. Bb5 Bc5 5. Nxe5 Nd4 ({Better is} 5... Nxe5 $11 6. d4 Bd6) 6. Nd3 Nxb5 7. Nxb5 Nxe4 8. Nxc5 ({Don't play} 8. Qe2 O-O 9. f3 (9. Qxe4 Re8 $17) 9... Ng3 (9... Qh4+ 10. Kd1 $11) 10. hxg3 Re8 $11) 8... Nxc5 9. d4 Qe7+ 10. Qe2 {[%emt 0:00:00] Active counter play!} Qxe2+ 11. Kxe2 1/2-1/2

[Event "13th Palmanova Festival A 2024"]
[Site "Palmanova"]
[Date "2024.12.27"]
[Round "1.4"]
[White "Hofstadler, Mario"]
[Black "Di Benedetto, Edoardo"]
[Result "1/2-1/2"]
[ECO "E04"]
[WhiteElo "2203"]
[BlackElo "2411"]
[Annotator "TA"]
[PlyCount "146"]
[EventDate "2024.12.27"]
[EventCountry "ITA"]
[SourceTitle "playchess.com"]
[Source "ChessBase"]
[SourceQuality "1"]
[TimeControl "6000+30"]

1. d4 d5 2. Nf3 Nf6 3. c4 e6 4. g3 dxc4 5. Bg2 a6 6. O-O Nc6 7. e3 Rb8 8. Nfd2 e5 9. Nxc4 {[%emt 0:06:41] Threatens to win with Bxc6+.} (9. Bxc6+ {feels hotter.} bxc6 10. dxe5 Ng4 11. Nxc4 Be6 12. Nbd2) 9... exd4 10. Bxc6+ bxc6 11. Qxd4 Qxd4 12. exd4 Be6 13. b3 c5 14. dxc5 Bxc4 15. bxc4 Bxc5 16. Be3 {[%emt 0:15:41] Wards off Bd4} (16. Nd2 $11) 16... Bxe3 $17 17. fxe3 O-O 18. Nc3 Rfe8 19. Nd5 Nxd5 20. cxd5 Rxe3 $15 {[%emt 0:00:18][%mdl 4096] Endgame KRR-KRR. Black is a pawn up.} 21. Rac1 Re7 22. Rc6 Rd7 23. Rxa6 Rxd5 24. Rc6 Rb7 25. Rfc1 h5 26. a4 Rd2 {[%emt 0:00:37] Strongly threatening ...Rbb2.} 27. R1c2 $2 (27. R6c2 $1 $15 Rxc2 28. Rxc2) 27... Rxc2 $2 (27... Rb1+ $19 28. Rc1 Rbb2) 28. Rxc2 $19 {[%emt 0:00:06] KR-KR. Black is a pawn up.} Ra7 29. Rc5 Rxa4 30. Rxc7 Ra2 31. Rc5 g6 32. Rb5 Kg7 33. Rc5 Kf6 34. h4 Ke6 35. Rb5 f6 36. Rc5 Rd2 37. Rb5 Rd5 38. Rb4 Kf5 39. Kf2 Ke5 40. Kf3 Rd3+ 41. Kf2 Rd4 42. Rb6 Rc4 43. Ra6 Rc5 44. Ra4 g5 45. hxg5 fxg5 46. Rb4 Rc2+ 47. Kf3 g4+ 48. Ke3 Rc3+ 49. Kf2 Rf3+ 50. Kg2 Rd3 51. Rb5+ Rd5 52. Rb4 Kd6 53. Ra4 Rd2+ 54. Kg1 Ke5 55. Ra5+ Ke4 56. Rxh5 Kf3 57. Rf5+ Kxg3 58. Rf1 {[%emt 0:00:00] Inhibits Rd1.} Rg2+ (58... Ra2 $11) 59. Kh1 $17 Rb2 60. Kg1 Ra2 61. Rb1 Rg2+ (61... Ra3 $17) 62. Kh1 $11 {[%emt 0:00:00] White threatens Rb3+ and mate.} Re2 63. Kg1 (63. Rb3+ $11 {remains equal.} Kh4 64. Rc3) 63... Kh3 $17 64. Rb3+ g3 65. Rb1 {[%emt 0:00:00] Dodges Re1+} Ra2 66. Rc1 Ra3 67. Rb1 g2 ({Black should play} 67... Rd3 $17) 68. Rc1 Rf3 69. Rb1 Kg3 70. Rb3 Kg4 71. Rb2 Kh3 72. Rxg2 Rg3 73. Rxg3+ Kxg3 1/2-1/2

[Event "13th Palmanova Festival A 2024"]
[Site "Palmanova"]
[Date "2024.12.27"]
[Round "1.5"]
[White "Marn, Jan"]
[Black "Aarav A"]
[Result "1/2-1/2"]
[ECO "D13"]
[WhiteElo "2400"]
[BlackElo "2186"]
[Annotator "TA"]
[PlyCount "97"]
[EventDate "2024.12.27"]
[EventCountry "ITA"]
[SourceTitle "playchess.com"]
[Source "ChessBase"]
[SourceQuality "1"]
[TimeControl "6000+30"]

1. d4 d5 2. c4 c6 3. Nc3 Nf6 4. cxd5 cxd5 5. Bf4 Nc6 6. e3 e6 7. Nf3 Bd6 8. Bxd6 Qxd6 9. Bd3 O-O 10. O-O Bd7 11. Rc1 Rac8 12. a3 Rfd8 13. h3 Be8 14. b4 a5 15. b5 Ne7 16. Qb3 Ng6 17. Ne2 Bd7 18. Qb2 Rxc1 19. Rxc1 b6 20. Ne5 Rc8 21. Rxc8+ Bxc8 22. Qc3 Bb7 23. f3 Nd7 24. Bxg6 hxg6 25. Nxd7 Qxd7 $14 {[%emt 0:00:08][%mdl 4096] Endgame KQB-KQN} 26. a4 g5 27. Nc1 (27. f4 $16) 27... Qc8 $11 28. Qxc8+ Bxc8 {[%emt 0:00:07] KB-KN} 29. Kf2 f6 30. f4 gxf4 31. exf4 Bd7 32. Ke3 Be8 33. Nb3 Kf8 34. g3 Ke7 35. Nc1 Bg6 36. Nd3 Bxd3 37. Kxd3 {[%emt 0:00:05] KP-KP} f5 38. Ke3 Kf6 39. Kf3 Kg6 40. Kg2 Kh5 41. Kf2 Kh6 42. Kg2 Kg6 43. g4 Kh6 44. Kg3 Kg6 45. h4 Kh6 46. h5 fxg4 47. Kxg4 g6 48. hxg6 Kxg6 49. Kg3 $1 1/2-1/2

[Event "13th Palmanova Festival A 2024"]
[Site "Palmanova"]
[Date "2024.12.27"]
[Round "1.6"]
[White "Zoncu, Roberto Alessio"]
[Black "Hovhannisyan, Mher"]
[Result "1/2-1/2"]
[ECO "C00"]
[WhiteElo "2165"]
[BlackElo "2397"]
[Annotator "TA"]
[PlyCount "40"]
[EventDate "2024.12.27"]
[EventCountry "ITA"]
[SourceTitle "playchess.com"]
[Source "ChessBase"]
[SourceQuality "1"]
[TimeControl "6000+30"]

1. e4 e6 2. d3 d5 3. Nd2 Nf6 4. Ngf3 a5 5. g3 a4 6. Bg2 a3 7. exd5 exd5 8. O-O Be7 9. Nb3 O-O 10. bxa3 Bxa3 11. Bxa3 Rxa3 12. Qc1 Qd6 13. c4 dxc4 14. dxc4 Qa6 ({Better is} 14... Ra4 $15) 15. Qf4 $11 Nc6 16. Qxc7 Rxa2 17. Rxa2 Qxa2 18. Nfd4 (18. Nfd2 $5) 18... Nxd4 19. Nxd4 b6 20. Qxb6 Qxc4 {[%emt 0:00:40] A rather calm draw.   Weighted Error Value: White=0.08 (flawless) /Black=0.12 (very precise) .  Mistake:       	---       	Black=1      Inaccurate:     	White=2     	Black=1      OK:         	White=4     	Black=2      Best:        	---       	Black=1} 1/2-1/2

[Event "13th Palmanova Festival A 2024"]
[Site "Palmanova"]
[Date "2024.12.27"]
[Round "1.7"]
[White "Domalchuk-Jonasson, Aleksandr"]
[Black "Turel, Tugrul"]
[Result "1-0"]
[ECO "A22"]
[WhiteElo "2377"]
[BlackElo "2164"]
[Annotator "TA"]
[PlyCount "25"]
[EventDate "2024.12.27"]
[EventCountry "ITA"]
[SourceTitle "playchess.com"]
[Source "ChessBase"]
[SourceQuality "1"]
[TimeControl "6000+30"]

1. c4 e5 2. Nc3 Nf6 3. Nf3 e4 4. Ng5 Qe7 5. Qc2 d5 6. cxd5 {[%emt 0:00:06][%cal Rg5e4] White is more active.} (6. Nxd5 $2 Nxd5 7. cxd5 Qxg5 $19) 6... Bf5 (6... Na6 $16) 7. f3 $18 Nh5 (7... c6 {is a better defense.}) 8. Ngxe4 Qh4+ 9. g3 Nxg3 $2 {[%emt 0:00:17] [#]} (9... Qd8 10. d4 h6) 10. Qa4+ $1 ({Not} 10. hxg3 Qxh1 $14) 10... b5 {[%emt 0:03:30] [#]} 11. Nd6+ $1 Bxd6 12. Qxh4 Nxh1 13. Bg2 1-0

[Event "13th Palmanova Festival A 2024"]
[Site "Palmanova"]
[Date "2024.12.27"]
[Round "1.9"]
[White "Bettalli, Francesco"]
[Black "Jordan Martinez, Miguel"]
[Result "1-0"]
[ECO "C10"]
[WhiteElo "2359"]
[BlackElo "2123"]
[Annotator "ChessBase"]
[PlyCount "79"]
[EventDate "2024.12.27"]
[EventCountry "ITA"]
[SourceTitle "playchess.com"]
[Source "ChessBase"]
[SourceQuality "1"]
[TimeControl "6000+30"]

1. e4 e6 2. d4 d5 3. Nc3 Be7 4. Bd3 Nc6 5. Nf3 Nb4 6. Be2 Nf6 7. e5 Ne4 8. O-O Nc6 9. Bd3 Nxc3 10. bxc3 Na5 11. Nd2 Bd7 12. Qg4 g6 13. Nf3 c5 14. Ng5 c4 15. Be2 h6 16. Nh3 Ba4 17. Bd1 Nc6 18. Nf4 Qd7 19. h4 O-O-O 20. h5 g5 21. Nh3 Rdg8 22. f4 gxf4 23. Qxf4 Rg7 24. Qf3 Nd8 25. Bf4 b5 26. Qe3 Rhg8 27. g4 Rxg4+ 28. Bxg4 Rxg4+ 29. Kh2 Bxc2 30. Bg3 Bd3 31. Rg1 Re4 32. Qxh6 Bh4 33. Bxh4 Rxh4 34. Qg5 Re4 35. Nf4 Qc7 36. h6 f5 37. Rae1 Rxe1 38. Rxe1 b4 39. cxb4 Qb6 40. Qe7 1-0

[Event "13th Palmanova Festival A 2024"]
[Site "Palmanova"]
[Date "2024.12.27"]
[Round "1.10"]
[White "Cocchi, Andrea"]
[Black "Mostbauer, Florian"]
[Result "0-1"]
[ECO "A12"]
[WhiteElo "2121"]
[BlackElo "2356"]
[Annotator "TA"]
[PlyCount "66"]
[EventDate "2024.12.27"]
[EventCountry "ITA"]
[SourceTitle "playchess.com"]
[Source "ChessBase"]
[SourceQuality "1"]
[TimeControl "6000+30"]

1. Nf3 d5 2. e3 Nf6 3. b3 Bg4 4. Bb2 Nbd7 5. Be2 c6 6. c4 e6 7. cxd5 exd5 8. Nd4 Bxe2 9. Qxe2 g6 10. O-O Bg7 11. Ba3 a6 12. d3 (12. Nc3 {looks sharper.} Qa5 13. Bd6 Ne4 14. b4) 12... c5 13. Nf3 (13. Rc1 $5) 13... O-O 14. d4 Ne4 15. Bb2 Qf6 16. Nbd2 b5 17. Nxe4 dxe4 18. Nd2 Qe6 19. a4 Rab8 20. axb5 axb5 21. Ra5 cxd4 22. Bxd4 (22. exd4 $15 Nf6 23. Re1) 22... Bxd4 $17 23. exd4 Qb6 24. Ra2 f5 25. Qe3 Nf6 26. Rfa1 Nd5 {[%emt 0:03:58] Black is more active.} 27. Qh6 Qxd4 28. Ra7 {[%emt 0:00:55] Prevents Rb7.} (28. Nf1 $17 {was necessary.}) 28... Rf7 $19 29. Ra8 Rbf8 30. Nf1 f4 {[%emt 0:01:47] Dodges Ne3} 31. Qh4 e3 32. fxe3 Nxe3 {[%emt 0:00:10] ...Ng4+ is the strong threat.} 33. Kh1 $2 {[%emt 0:00:47] [#]} (33. Qf2) 33... f3 $1 0-1

[Event "13th Palmanova Festival A 2024"]
[Site "Palmanova"]
[Date "2024.12.27"]
[Round "1.12"]
[White "Groessing, Daniel-Yosuke"]
[Black "Zamengo, Fulvio"]
[Result "0-1"]
[ECO "E14"]
[WhiteElo "2100"]
[BlackElo "2348"]
[Annotator "ChessBase"]
[PlyCount "82"]
[EventDate "2024.12.27"]
[EventCountry "ITA"]
[SourceTitle "playchess.com"]
[Source "ChessBase"]
[SourceQuality "1"]
[TimeControl "6000+30"]

1. d4 e6 2. c4 b6 3. Nf3 Bb7 4. e3 Nf6 5. Bd3 c5 6. O-O Be7 7. Nc3 cxd4 8. exd4 d6 9. h3 O-O 10. Bf4 Nbd7 11. a4 d5 12. Re1 Rc8 13. b3 Bb4 14. Bd2 Nb8 15. Nb1 Nc6 16. Ne5 Bxd2 17. Nxc6 Rxc6 18. Qxd2 dxc4 19. Bxc4 Rd6 20. Rd1 Qa8 21. f3 Rfd8 22. Nc3 h6 23. Nb5 R6d7 24. a5 Qb8 25. axb6 axb6 26. Ra4 Nh5 27. Qe3 Qg3 28. Qf2 Qg5 29. Re1 Nf4 30. Kh2 Bc6 31. Re5 Qf6 32. Qe3 Ng6 33. Re4 Bxe4 34. fxe4 Rxd4 35. Nxd4 Rxd4 36. Be2 Qe5+ 37. Kg1 Nf4 38. Bf3 Nxh3+ 39. gxh3 Qg3+ 40. Kf1 Rd1+ 41. Bxd1 Qxe3 0-1

[Event "13th Palmanova Festival A 2024"]
[Site "Palmanova"]
[Date "2024.12.27"]
[Round "1.13"]
[White "Skawinski, Arkadiusz"]
[Black "Mizzi, Jack"]
[Result "0-1"]
[ECO "C55"]
[WhiteElo "2330"]
[BlackElo "2097"]
[Annotator "ChessBase"]
[PlyCount "90"]
[EventDate "2024.12.27"]
[EventCountry "ITA"]
[SourceTitle "playchess.com"]
[Source "ChessBase"]
[SourceQuality "1"]
[TimeControl "6000+30"]

1. e4 e5 2. Nf3 Nc6 3. Bc4 Nf6 4. d3 h6 5. O-O d6 6. c3 g5 7. a4 a5 8. Na3 Bg7 9. Nc2 O-O 10. Ne3 Ne7 11. Re1 c6 12. Qc2 Qc7 13. Ba2 d5 14. exd5 cxd5 15. d4 e4 16. Ne5 Be6 17. f3 exf3 18. Nxf3 Ng6 19. Rf1 Rfe8 20. Nf5 Ne4 21. Nxg7 Kxg7 22. Nd2 f5 23. Nxe4 fxe4 24. Be3 Rf8 25. Qe2 Nf4 26. Qb5 Qc6 27. Rf2 Qxb5 28. axb5 a4 29. Raf1 a3 30. b3 Rac8 31. Rc2 Bd7 32. c4 Bxb5 33. Bxf4 gxf4 34. Rfc1 Ba6 35. Rc3 Rfd8 36. c5 Ra8 37. Kf2 Bb5 38. g3 e3+ 39. Kf3 fxg3 40. Rxe3 gxh2 41. Re7+ Kf6 42. Rxb7 Bd3 43. Kg2 Re8 44. c6 Re2+ 45. Kf3 Rc2 0-1

[Event "13th Palmanova Festival A 2024"]
[Site "Palmanova"]
[Date "2024.12.27"]
[Round "1.14"]
[White "Kalosha, Zhiulien Oleksii"]
[Black "Mazzini, Mauro"]
[Result "0-1"]
[ECO "B90"]
[WhiteElo "2306"]
[BlackElo "2069"]
[Annotator "ChessBase"]
[PlyCount "114"]
[EventDate "2024.12.27"]
[EventCountry "ITA"]
[SourceTitle "playchess.com"]
[Source "ChessBase"]
[SourceQuality "1"]
[TimeControl "6000+30"]

1. e4 c5 2. Nf3 d6 3. d4 cxd4 4. Nxd4 Nf6 5. Nc3 a6 6. f3 e5 7. Nb3 Be6 8. Be3 Be7 9. Qd2 b5 10. a4 b4 11. Nd5 Bxd5 12. exd5 a5 13. Bb5+ Nfd7 14. O-O O-O 15. c3 Nc5 16. Nxc5 dxc5 17. cxb4 cxb4 18. Rac1 Bd6 19. Rfd1 Qe7 20. Qc2 Nd7 21. Qc6 Rfd8 22. Bf2 e4 23. fxe4 Ne5 24. Qc2 Ng4 25. g3 h5 26. Bb6 Rdb8 27. Bd4 h4 28. Qe2 Ne5 29. Kg2 Rf8 30. Rf1 Rac8 31. Rxc8 Rxc8 32. Ba6 Ra8 33. Rc1 Ng6 34. Rc8+ Rxc8 35. Bxc8 hxg3 36. hxg3 Qg5 37. Bg4 Ne5 38. Bf5 Ng6 39. Bg4 Ne5 40. Bf5 Ng6 41. Qe3 Bf4 42. Qf2 Nh4+ 43. Kh2 Nxf5 44. exf5 Qh4+ 45. Kg1 Bxg3 46. Qd2 Qg4 47. Be3 Bf4+ 48. Kf2 Bxe3+ 49. Kxe3 Qg5+ 50. Kd3 Qxd2+ 51. Kxd2 Kf8 52. Kd3 Ke7 53. Kc4 g5 54. fxg6 fxg6 55. Kb5 g5 56. Kxa5 g4 57. Kb6 Kd7 0-1

[Event "13th Palmanova Festival A 2024"]
[Site "Palmanova"]
[Date "2024.12.28"]
[Round "2.1"]
[White "Solomon, Kenny"]
[Black "Martinovici, Ilia"]
[Result "1/2-1/2"]
[ECO "D37"]
[WhiteElo "2277"]
[BlackElo "2473"]
[Annotator "RC"]
[PlyCount "84"]
[EventDate "2024.12.27"]
[EventCountry "ITA"]
[SourceTitle "playchess.com"]
[Source "ChessBase"]
[SourceQuality "1"]
[TimeControl "6000+30"]

1. d4 d5 2. Nf3 e6 3. c4 a6 4. cxd5 exd5 5. Nc3 Nf6 6. Bg5 Be6 7. e3 Nbd7 8. Bd3 Bd6 9. h3 c6 10. O-O O-O 11. Bf4 Qb8 12. Bxd6 Qxd6 13. Qb3 Rfc8 14. Rfc1 c5 15. dxc5 Nxc5 16. Qb4 b5 17. Ne2 Nfe4 18. Qd4 Nxd3 19. Qxd3 Qb4 20. Qd4 Rc4 21. Qe5 Re8 22. b3 f6 23. Qb2 Rec8 24. Nfd4 Bd7 25. a3 Rxc1+ 26. Rxc1 Rxc1+ 27. Qxc1 Qd6 28. Nf4 Nc5 29. b4 Na4 30. Nd3 Nb6 31. Qc5 Qxc5 32. Nxc5 Bc8 33. Nc6 Kf7 34. Na7 Bd7 35. Nxa6 Nc4 36. Nc5 Be8 37. Nc8 Nxa3 38. Nd6+ Ke7 39. Nf5+ Kf7 40. Nd6+ Ke7 41. Nf5+ Kf7 42. Nd4 Ke7 1/2-1/2

[Event "13th Palmanova Festival A 2024"]
[Site "Palmanova"]
[Date "2024.12.28"]
[Round "2.2"]
[White "Reza, Wojciech"]
[Black "Domalchuk-Jonasson, Aleksandr"]
[Result "0-1"]
[ECO "E32"]
[WhiteElo "2227"]
[BlackElo "2377"]
[Annotator "RC"]
[PlyCount "76"]
[EventDate "2024.12.27"]
[EventCountry "ITA"]
[SourceTitle "playchess.com"]
[Source "ChessBase"]
[SourceQuality "1"]
[TimeControl "6000+30"]

1. d4 Nf6 2. c4 e6 3. Nc3 Bb4 4. Qc2 d6 5. e3 O-O 6. Bd3 c5 7. a3 Bxc3+ 8. Qxc3 b6 9. Ne2 Bb7 10. O-O Nbd7 11. b4 Qe7 12. Bb2 Rac8 13. dxc5 dxc5 14. Rfd1 Rfd8 15. Ng3 Qf8 16. b5 a6 17. bxa6 Bxa6 18. Rab1 Bb7 19. Ba1 Ra8 20. h4 Ra6 21. Rd2 Raa8 22. Rbd1 Qe7 23. Ne4 Kf8 24. Bc2 Bc6 25. Nd6 Kg8 26. Be4 Bxe4 27. Nxe4 Ne8 28. h5 h6 29. Qb3 f5 30. Nd6 Nef6 31. Bxf6 Nxf6 32. Qxb6 Rd7 33. Qxc5 Rad8 34. Qb4 Ng4 35. c5 Qh4 36. Qf4 e5 37. Nxf5 exf4 38. Nxh4 Rxd2 0-1

[Event "13th Palmanova Festival A 2024"]
[Site "Palmanova"]
[Date "2024.12.28"]
[Round "2.3"]
[White "Dobrovoljc, Vid"]
[Black "Javornik, Nik"]
[Result "1-0"]
[ECO "A38"]
[WhiteElo "2365"]
[BlackElo "2300"]
[Annotator "RC"]
[PlyCount "55"]
[EventDate "2024.12.27"]
[EventCountry "ITA"]
[SourceTitle "playchess.com"]
[Source "ChessBase"]
[SourceQuality "1"]
[TimeControl "6000+30"]

1. Nf3 c5 2. c4 g6 3. Nc3 Bg7 4. g3 Nf6 5. Bg2 O-O 6. O-O Nc6 7. d3 e6 8. d4 cxd4 9. Nxd4 d5 10. cxd5 Nxd4 11. Qxd4 Nxd5 12. Qc4 Nxc3 13. bxc3 Qa5 14. Rb1 Rb8 15. Rb5 Qxc3 16. Qxc3 Bxc3 17. Bf4 e5 18. Bxe5 Bxe5 19. Rxe5 b6 20. Re7 a5 21. Bd5 Kg7 22. Rc1 Kf6 23. Rcc7 h5 24. Bxf7 b5 25. f4 a4 26. h4 Rd8 27. e4 b4 28. Bc4 1-0

[Event "13th Palmanova Festival A 2024"]
[Site "Palmanova"]
[Date "2024.12.28"]
[Round "2.4"]
[White "Mizzi, Jack"]
[Black "Bettalli, Francesco"]
[Result "0-1"]
[ECO "A81"]
[WhiteElo "2097"]
[BlackElo "2359"]
[Annotator "RC"]
[PlyCount "68"]
[EventDate "2024.12.27"]
[EventCountry "ITA"]
[SourceTitle "playchess.com"]
[Source "ChessBase"]
[SourceQuality "1"]
[TimeControl "6000+30"]

1. d4 f5 2. Nf3 Nf6 3. g3 e6 4. Bg2 Be7 5. O-O Ne4 6. c4 d5 7. Qc2 c6 8. Nc3 Nd7 9. cxd5 exd5 10. Bf4 Bf6 11. Ne5 g5 12. Nxe4 fxe4 13. Nxd7 gxf4 14. Ne5 Bxe5 15. dxe5 Qg5 16. Qc3 O-O 17. f3 e3 18. Rad1 fxg3 19. hxg3 Qxg3 20. Qxe3 Re8 21. Qf2 Qxe5 22. e4 dxe4 23. fxe4 Be6 24. Qh4 Kh8 25. Rd7 Bxd7 26. Rf7 h5 27. Rxd7 Rg8 28. Re7 Rg4 29. Rxe5 Rxh4 30. Bf3 Rg8+ 31. Kf2 Rh2+ 32. Ke3 Rg3 33. Rf5 Rhh3 34. Kf2 Rxf3+ 0-1

[Event "13th Palmanova Festival A 2024"]
[Site "Palmanova"]
[Date "2024.12.28"]
[Round "2.5"]
[White "Mostbauer, Florian"]
[Black "Sepehrkhoui, Ardeshir"]
[Result "0-1"]
[ECO "E62"]
[WhiteElo "2356"]
[BlackElo "2266"]
[Annotator "ChessBase"]
[PlyCount "126"]
[EventDate "2024.12.27"]
[EventCountry "ITA"]
[SourceTitle "playchess.com"]
[Source "ChessBase"]
[SourceQuality "1"]
[TimeControl "6000+30"]

1. Nf3 Nf6 2. c4 g6 3. g3 Bg7 4. Bg2 d6 5. O-O O-O 6. Nc3 c6 7. d4 Qa5 8. h3 Nbd7 9. e4 a6 10. Rb1 Qc7 11. Qe2 e5 12. dxe5 dxe5 13. Be3 b5 14. Nd2 Re8 15. b4 Nb6 16. Rfc1 Nxc4 17. Nxc4 bxc4 18. Qxc4 Qb7 19. Na4 Be6 20. Qc2 Nd7 21. Bf1 Rec8 22. g4 Bf8 23. a3 Qc7 24. Bc4 Bxc4 25. Qxc4 Qd8 26. Rd1 Qe7 27. Bg5 Qe8 28. Rd3 c5 29. b5 axb5 30. Rxb5 Rcb8 31. Nc3 h6 32. Rxb8 Rxb8 33. Be3 Nb6 34. Qa2 c4 35. Rd1 Na4 36. Rc1 Rb3 37. Nd5 Qb5 38. Qe2 Rb1 39. Kg2 Rxc1 40. Bxc1 Nc5 41. Qb2 Qxb2 42. Bxb2 Nd3 43. Bc3 Bxa3 44. Ne3 Bb2 45. Bxb2 Nxb2 46. Kf3 g5 47. Ke2 c3 48. f3 Kh7 49. Nc2 Kg6 50. Ne3 f6 51. Nc2 h5 52. gxh5+ Kxh5 53. Ne3 Kh4 54. Nd5 c2 55. Kd2 Nd3 56. Kxc2 Ne1+ 57. Kd2 Nxf3+ 58. Ke3 Nd4 59. Nxf6 Kxh3 60. Kf2 g4 61. Nh5 Nf3 62. Nf6 Ng5 63. Nd7 g3+ 0-1

[Event "13th Palmanova Festival A 2024"]
[Site "Palmanova"]
[Date "2024.12.28"]
[Round "2.6"]
[White "Zamengo, Fulvio"]
[Black "Adharsh K"]
[Result "1-0"]
[ECO "B66"]
[WhiteElo "2348"]
[BlackElo "2235"]
[Annotator "ChessBase"]
[PlyCount "119"]
[EventDate "2024.12.27"]
[EventCountry "ITA"]
[SourceTitle "playchess.com"]
[Source "ChessBase"]
[SourceQuality "1"]
[TimeControl "6000+30"]

1. e4 c5 2. Nf3 Nc6 3. d4 cxd4 4. Nxd4 Nf6 5. Nc3 d6 6. Bg5 e6 7. Qd2 Be7 8. O-O-O a6 9. Bxf6 gxf6 10. f4 Bd7 11. Be2 Nxd4 12. Qxd4 Qa5 13. Bf3 Qc5 14. Qd2 O-O-O 15. Rhe1 Kb8 16. Kb1 h5 17. Re3 Bc6 18. Nd5 Bxd5 19. exd5 e5 20. Rc3 Qb6 21. Rb3 Qc5 22. Qe2 Rc8 23. Bxh5 Qc4 24. Qxc4 Rxc4 25. Be2 Rc7 26. h3 Ka7 27. Rf3 e4 28. Re3 f5 29. g4 Bh4 30. Rf1 Re7 31. gxf5 Kb6 32. Bg4 Kc5 33. Rc3+ Kb6 34. Re3 Kc5 35. a3 Bf6 36. Rd1 a5 37. a4 b5 38. axb5 Rb8 39. Be2 Rg8 40. Bg4 Rb8 41. Be2 Rg8 42. Bf1 Rg1 43. Kc1 Rh1 44. c3 Rg1 45. Kd2 a4 46. Ke2 Rg8 47. Ra1 Kxb5 48. Kf2+ Kc5 49. Rxa4 Kxd5 50. Bg2 Rge8 51. Rb4 Rg8 52. Bxe4+ Kc5 53. Bf3 Ra7 54. Rd3 Bh4+ 55. Ke2 Re7+ 56. Kd2 Rg3 57. Rb8 d5 58. b4+ Kd6 59. Rc8 Kd7 60. Rc5 1-0

[Event "13th Palmanova Festival A 2024"]
[Site "Palmanova"]
[Date "2024.12.28"]
[Round "2.7"]
[White "Cina`, Vittorio"]
[Black "Tejaswini G"]
[Result "1-0"]
[ECO "E90"]
[WhiteElo "2325"]
[BlackElo "2211"]
[Annotator "RC"]
[PlyCount "73"]
[EventDate "2024.12.27"]
[EventCountry "ITA"]
[SourceTitle "playchess.com"]
[Source "ChessBase"]
[SourceQuality "1"]
[TimeControl "6000+30"]

1. d4 Nf6 2. c4 g6 3. Nc3 Bg7 4. e4 d6 5. h3 O-O 6. Be3 Nbd7 7. Nf3 e5 8. Qc2 exd4 9. Nxd4 Re8 10. O-O-O c6 11. g4 a6 12. g5 Nh5 13. Be2 Nc5 14. Bxh5 gxh5 15. Nf5 Bxf5 16. exf5 Rxe3 17. fxe3 Qxg5 18. Rhg1 Qxe3+ 19. Qd2 Qxd2+ 20. Rxd2 Kh8 21. Rxd6 Be5 22. Rdd1 a5 23. Kc2 h6 24. Rde1 Bf6 25. Ne4 Nxe4 26. Rxe4 a4 27. Rge1 Ra5 28. Re8+ Kh7 29. Rf1 Rc5 30. b3 b5 31. Rf4 Bg5 32. b4 Rxc4+ 33. Rxc4 bxc4 34. Rc8 Be7 35. a3 Kg7 36. Rxc6 h4 37. b5 1-0

[Event "13th Palmanova Festival A 2024"]
[Site "Palmanova"]
[Date "2024.12.28"]
[Round "2.8"]
[White "Knudsen, Simon"]
[Black "Rossi, Gabriele Valerio"]
[Result "1/2-1/2"]
[ECO "C41"]
[WhiteElo "2303"]
[BlackElo "2007"]
[Annotator "RC"]
[PlyCount "56"]
[EventDate "2024.12.27"]
[EventCountry "ITA"]
[SourceTitle "playchess.com"]
[Source "ChessBase"]
[SourceQuality "1"]
[TimeControl "6000+30"]

1. e4 d6 2. d4 Nf6 3. Nc3 e5 4. Nf3 exd4 5. Nxd4 Be7 6. Be2 O-O 7. O-O Re8 8. Re1 c6 9. Bf4 Bf8 10. Bf1 b5 11. a3 a6 12. Nb3 Bb7 13. e5 dxe5 14. Qxd8 Rxd8 15. Bxe5 Nbd7 16. Bg3 Rac8 17. Rad1 c5 18. Rd2 b4 19. axb4 cxb4 20. Na4 Ne4 21. Rxd7 Rxd7 22. Nb6 Nxg3 23. hxg3 Re7 24. Rxe7 Bxe7 25. Nxc8 Bxc8 26. Bd3 Bf6 27. Nc5 Bxb2 28. Bxa6 Bd4 1/2-1/2